 Dungeon Crawl Stone Soup version 0.30.0-20-g3615ddf2f0 (webtiles) character file.

Game seed: 5465286089305577306

4200 qw the Cleaver (level 10, -3/63 HPs)
             Began as a Gargoyle Fighter on June 1, 2023.
             Was a Believer of Okawaru.
             Slain by a wight
             ... wielding a +4 trident
              (12 damage)
             ... on level 10 of the Dungeon.
             The game lasted 00:03:33 (7634 turns).

qw the Cleaver (Gargoyle Fighter)                   Turns: 7634, Time: 00:03:33

Health: -3/63      AC: 25    Str: 28    XL:     10   Next: 29%
Magic:  12/13      EV: 11    Int:  8    God:    Okawaru [**....]
Gold:   554        SH:  5    Dex:  8    Spells: 9/9 levels left

rFire   + . .        A - +0 morningstar
rCold   + . .        c - +0 buckler
rNeg    + . .        k - +0 chain mail
rPois   inf          (no helmet)
rElec   +            m - +0 cloak
rCorr   .            e - +1 pair of gloves
SInv    +            u - +0 pair of boots
Will    +....        (no amulet) Stlth
                     a - ring of see invisible
HPRegen 0.30/turn    x - ring of protection from cold
MPRegen 0.13/turn

%: no passive effects
@: about to teleport, heroic
A: sickness immunity, AC +7, negative energy resistance 1, electricity
resistance, torment resistance 1, petrification resistance, fire resistance 1,
strong-willed 1, strong 1
a: Renounce Religion, Heroism


You were on level 10 of the Dungeon.
You worshipped Okawaru.
Okawaru was pleased with you.
You visited 2 branches of the dungeon, and saw 11 of its levels.
You also visited: Ossuary.

You collected 554 gold pieces.


Innate Abilities, Weirdness & Mutations

You are immune to sickness and miasma.
Your stone body is resilient. (AC +7)
You are immune to poison.
You resist negative energy. (rN+)
You are resistant to electric shocks. (rElec)
You are resistant to unholy torment.
You are immune to petrification.
Your flesh is heat resistant. (rF+)
You are strong-willed. (Will+)
Your muscles are strong. (Str +4, Int/Dex -1)


   Skills:
 - Level 7.0(12.0) Fighting
 + Level 9.8(14.8) Axes
 - Level 3.2(8.2) Throwing
 - Level 6.7(11.7) Armour
 - Level 2.2(7.2) Dodging
 - Level 4.1(9.1) Shields
 - Level 4.1 Invocations


You had 9 spell levels left.
You didn't know any spells.
Your spell library was empty.

Inventory:

Hand Weapons
 p - a +3 vampiric war axe
 A - a +0 morningstar (weapon)
Missiles
 q - 4 javelins (quivered)
 y - 3 boomerangs
Armour
 c - a +0 buckler (worn)
 e - a +1 pair of gloves (worn)
 k - a +0 chain mail (worn)
 m - a +0 cloak (worn)
 u - a +0 pair of boots (worn)
Jewellery
 a - a ring of see invisible (left hand)
 x - a ring of protection from cold (right hand)
 Y - a +6 ring of dexterity
Wands
 g - a wand of digging (5)
Scrolls
 t - a scroll of identify
 w - 4 scrolls of teleportation
Potions
 b - a potion of resistance
 d - 3 potions of might
 f - a potion of magic {unknown}
 h - 4 potions of lignification
 i - a potion of mutation
 j - 2 potions of attraction
 l - a potion of haste
 n - 7 potions of curing
 r - a potion of cancellation

Dungeon Overview and Level Annotations

Branches:
Dungeon (10/15)            Temple (1/1) D:4         Ossuary (visited)
   Lair: D:8-11         Orc: D:9-12

Altars:
Cheibriados
Dithmenos
Elyvilon
Fedhas
Gozag
Hepliaklqana
Kikubaaqudgha
Makhleb
Okawaru
Qazlal
Ru
Sif Muna
Trog
Uskayaw
Vehumet
Wu Jian
Xom
Yredelemnul
Zin
The Shining One

Shops:
D:2 :


Message History

The wight is heavily damaged.
The wight hits you with a +0 dagger. You block the wight's attack.
You block the six-headed hydra's attack.
The six-headed hydra bites you. The six-headed hydra barely misses you.
The six-headed hydra bites you. The six-headed hydra barely misses you.
The six-headed hydra closely misses you.
You closely miss the wight.
The wight is heavily damaged.
The wight barely misses you. x2
The six-headed hydra bites you but does no damage. x3
The six-headed hydra completely misses you.
The six-headed hydra bites you!
You block the six-headed hydra's attack.
You closely miss the wight.
The wight is heavily damaged.
The wight hits you but does no damage. You block the wight's attack.
The six-headed hydra bites you!
The six-headed hydra bites you but does no damage.
You block the six-headed hydra's attack.
The six-headed hydra bites you but does no damage. x2
The six-headed hydra barely misses you.
7632 ||| READING 5 scrolls of teleportation.
As you read the scroll of teleportation, it crumbles to dust.
You feel strangely unstable. You block the wight's attack.
The wight hits you but does no damage.
The six-headed hydra bites you but does no damage. x4
You block the six-headed hydra's attack.
The six-headed hydra bites you.
You barely miss the wight.
The wight is heavily damaged.
The wight hits you but does no damage. You block the wight's attack.
The six-headed hydra bites you but does no damage.
The six-headed hydra barely misses you.
The six-headed hydra bites you but does no damage. x3
The six-headed hydra closely misses you.
You hit the wight but do no damage.
The wight is heavily damaged.
The wight closely misses you.
The wight hits you from afar with a +4 trident!
You die...

### .# ...
#'##### #.###
....... #...#
....... ###%####
....... #....###
.......
#.##...##D......
...####..@zz..(..
##### ####)...(..
####'##


You could see a six-headed hydra and 2 wights.

Vanquished Creatures
  A two-headed ogre (D:9)
  A wyvern (D:9)
  3 yaks (D:9)
  Eustachio (D:6)
  2 steam dragons (D:8)
  A water moccasin (D:9)
  An acid dragon (D:10)
  An orc warrior (D:9)
  2 sky beasts
  2 centaurs
  5 phantoms
  A gnoll sergeant (D:7)
  2 kobold brigands
  2 scorpions
  3 wights (D:10)
  4 killer bees (D:8)
  4 howler monkeys
  A human zombie (Ossuary)
  A centaur zombie (Ossuary)
  2 jellies
  4 orc priests
  2 hounds
  A sleepcap (D:4)
  3 iguanas
  3 orc wizards
  5 mummies (Ossuary)
  9 gnolls
  10 adders
  2 ufetubi (D:7)
  A worm (D:3)
  A dart slug (D:2)
  17 orcs
  5 bats
  3 endoplasms
  3 giant cockroaches
  7 goblins
  5 hobgoblins
  4 jackals (D:2)
  4 quokkas
  6 ball pythons
  A goblin zombie (Ossuary)
  17 kobolds
  3 kobold zombies (Ossuary)
  2 orc zombies (Ossuary)
  A quokka zombie (D:4)
  8 rats
  A rat zombie (D:4)
168 creatures vanquished.

Notes
Turn   | Place    | Note
-------+----------+-------------------------------------------
     0 | D:1      | qw the Gargoyle Fighter began the quest for the Orb.
     0 | D:1      | Reached XP level 1. HP: 14/14 MP: 1/1
     0 | D:1      | 0 ||| qw: Version: 0.2-a-102-gdf20003
     0 | D:1      | 0 ||| qw: Game counter: 730
     0 | D:1      | 0 ||| qw: Always use a shield: true
     0 | D:1      | 0 ||| qw: God list: Okawaru
     0 | D:1      | 0 ||| qw: Allow faded altars: false
     0 | D:1      | 0 ||| qw: Do Orc after D:15 true
     0 | D:1      | 0 ||| qw: Do second Lair branch before Depths: true
     0 | D:1      | 0 ||| qw: Lair rune preference: random
     0 | D:1      | 0 ||| qw: Plans: Normal, Zot:1-4, Slime:5, God:TSO, Crypt,
                  | Tomb, Pan, Hells, Abyss, Win
     0 | D:1      | 0 ||| PLANNING D:1-11
    38 | D:1      | 38 ||| Stepping ~*~*~tactically~*~*~ (stealth).
    44 | D:1      | Reached skill level 2 in Axes
    81 | D:1      | Reached XP level 2. HP: 19/19 MP: 2/2
   125 | D:1      | 125 ||| Stepping ~*~*~tactically~*~*~ (stealth).
   433 | D:1      | Reached skill level 3 in Axes
   460 | D:1      | Reached XP level 3. HP: 23/23 MP: 3/3
   508 | D:1      | 508 ||| UPGRADING to +0 pair of gloves.
   513 | D:1      | 513 ||| READING scroll labelled ORATHR MISSAOD.
   704 | D:2      | 704 ||| Stepping ~*~*~tactically~*~*~ (stealth).
   708 | D:2      | Noticed a walking divine tome
   710 | D:2      | Found Jops's Book Boutique.
   713 | D:2      | Noticed a walking divine tome
  1157 | D:2      | 1157 ||| Stepping ~*~*~tactically~*~*~ (hiding).
  1428 | D:2      | 1428 ||| UPGRADING to +0 cloak.
  1433 | D:2      | 1433 ||| UPGRADING to ring of see invisible.
  1434 | D:2      | 1434 ||| READING scroll labelled IRAWEO RABACH.
  1435 | D:2      | 1435 ||| DRINKING 2 fizzy amethyst potions.
  1457 | D:2      | 1457 ||| DRINKING 2 bubbling inky potions.
  1561 | D:2      | 1561 ||| DROPPING potion of berserk rage.
  1623 | D:3      | Reached XP level 4. HP: 27/28 MP: 4/4
  1702 | D:3      | 1702 ||| DROPPING +0 club.
  1730 | D:3      | Reached skill level 4 in Axes
  1756 | D:3      | Found a sacrificial altar of Ru.
  1832 | D:3      | 1832 ||| SWAPPING to +1 vampiric war axe.
  1833 | D:3      | 1833 ||| DROPPING +0 war axe.
  1939 | D:3      | Found an opulent altar of Gozag.
  2231 | D:3      | 2231 ||| UPGRADING to +3 ring mail.
  2241 | D:3      | 2241 ||| DROPPING +0 scale mail.
  2242 | D:3      | 2242 ||| READING scroll labelled XUNIYTHYMO.
  2243 | D:3      | 2243 ||| READING scroll labelled OSAOB MEGRISCH.
  2244 | D:3      | 2244 ||| READING scroll labelled MUFIXUINUA.
  2249 | D:3      | 2249 ||| DRINKING 2 inky potions.
  2287 | D:4      | 2287 ||| PLANNING OSSUARY
  2292 | D:4      | Reached XP level 5. HP: 32/32 MP: 5/5
  2300 | D:4      | 2300 ||| STAIRDANCE
  2425 | D:4      | 2425 ||| Stepping ~*~*~tactically~*~*~ (hiding).
  2575 | D:4      | Reached skill level 5 in Axes
  2582 | D:4      | 2582 ||| Stepping ~*~*~tactically~*~*~ (hiding).
  2593 | D:4      | Reached skill level 1 in Dodging
  2646 | D:4      | Reached XP level 6. HP: 38/38 MP: 6/6
  2661 | D:4      | Found a staircase to the Ecumenical Temple.
  2705 | D:4      | Found a sand-covered staircase.
  2706 | D:4      | 2706 ||| UPGRADING to +0 chain mail.
  2716 | D:4      | 2716 ||| DROPPING +3 ring mail.
  2717 | D:4      | 2717 ||| READING scroll labelled FEADIF GOTUNAN.
  2718 | D:4      | 2718 ||| READING scroll labelled VATANNO DEFE.
  2819 | D:4      | 2819 ||| DRINKING 2 smoky grey potions.
  2830 | Ossuary  | Entered an ossuary
  2889 | Ossuary  | 2889 ||| FLEEEEING.
  2890 | Ossuary  | 2890 ||| FLEEEEING.
  2891 | Ossuary  | 2891 ||| FLEEEEING.
  2892 | Ossuary  | 2892 ||| FLEEEEING.
  2893 | Ossuary  | 2893 ||| FLEEEEING.
  2894 | Ossuary  | 2894 ||| FLEEEEING.
  2895 | Ossuary  | 2895 ||| FLEEEEING.
  2896 | Ossuary  | 2896 ||| FLEEEEING.
  2897 | Ossuary  | 2897 ||| FLEEEEING.
  2898 | Ossuary  | 2898 ||| FLEEEEING.
  2944 | Ossuary  | 2944 ||| Stepping ~*~*~tactically~*~*~ (stealth).
  2946 | Ossuary  | 2946 ||| FLEEEEING.
  2948 | Ossuary  | 2948 ||| FLEEEEING.
  2984 | Ossuary  | 2984 ||| Stepping ~*~*~tactically~*~*~ (stealth).
  2986 | Ossuary  | 2986 ||| FLEEEEING.
  3307 | Ossuary  | 3307 ||| READING scroll labelled UMOYHEIDOA.
  3308 | Ossuary  | 3308 ||| READING scroll labelled MADORAOLEI.
  3323 | D:4      | 3323 ||| PLANNING TEMPLE
  3344 | Temple   | Entered the Ecumenical Temple
  3354 | Temple   | 3354 ||| PLANNING OKAWARU WORSHIP
  3389 | Temple   | Became a worshipper of Warmaster Okawaru
  3389 | Temple   | 3389 ||| PLANNING D:1-11
  3930 | D:4      | 3930 ||| READING scroll labelled DUSUCW YBRAKU.
  3988 | D:5      | Entered Level 5 of the Dungeon
  3988 | D:5      | Found a stormy altar of Qazlal.
  4002 | D:5      | Reached skill level 6 in Axes
  4002 | D:5      | Reached XP level 7. HP: 41/43 MP: 7/7
  4116 | D:5      | 4116 ||| Stepping ~*~*~tactically~*~*~ (hiding).
  4213 | D:5      | 4213 ||| Stepping ~*~*~tactically~*~*~ (hiding).
  4214 | D:5      | 4214 ||| Stepping ~*~*~tactically~*~*~ (hiding).
  4223 | D:5      | Reached skill level 7 in Axes
  4323 | D:5      | 4323 ||| DROPPING +0 mace.
  4388 | D:5      | Found a glowing silver altar of Zin.
  4398 | D:5      | Found a bloodstained altar of Trog.
  4441 | D:5      | 4441 ||| Stepping ~*~*~tactically~*~*~ (stealth).
  4463 | D:5      | Reached skill level 1 in Throwing
  4686 | D:5      | 4686 ||| READING scroll labelled YQIENUTIDD.
  4687 | D:5      | 4687 ||| DRINKING 2 gluggy clear potions.
  4687 | D:5      | Gained mutation: Your muscles are strong. (Str +4, Int/Dex
                  | -1) [potion of mutation]
  4687 | D:5      | Gained mutation: Your flesh is heat resistant. (rF+)
                  | [potion of mutation]
  4687 | D:5      | Gained mutation: You are strong-willed. (Will+) [potion of
                  | mutation]
  4688 | D:5      | 4688 ||| DRINKING 2 dark potions.
  4769 | D:6      | Noticed Eustachio
  4783 | D:6      | Killed Eustachio
  4784 | D:6      | Reached XP level 8. HP: 50/50 MP: 8/8
  4787 | D:6      | 4787 ||| Stepping ~*~*~tactically~*~*~ (stealth).
  4797 | D:6      | Reached * piety under Okawaru
  4815 | D:6      | Reached skill level 1 in Invocations
  4957 | D:6      | Found a shadowy altar of Dithmenos.
  5288 | D:6      | 5288 ||| Stepping ~*~*~tactically~*~*~ (hiding).
  5291 | D:6      | 5291 ||| INVOKING Heroism.
  5295 | D:6      | Reached skill level 3 in Invocations
  5297 | D:6      | Reached skill level 8 in Axes
  5351 | D:6      | 5351 ||| UPGRADING to +0 pair of boots.
  5356 | D:6      | 5356 ||| DROPPING ring of flight.
  5357 | D:6      | 5357 ||| READING 2 scrolls of identify.
  5357 | D:6      | 5357 ||| IDENTIFYING viscous black potion
  5378 | D:7      | 5378 ||| INVOKING Heroism.
  5384 | D:7      | 5384 ||| Stepping ~*~*~tactically~*~*~ (hiding).
  5397 | D:7      | 5397 ||| INVOKING Heroism.
  5405 | D:7      | Reached XP level 9. HP: 38/55 MP: 8/12
  5432 | D:7      | 5432 ||| DROPPING +0 flail.
  5434 | D:7      | 5434 ||| INVOKING Heroism.
  5441 | D:7      | Reached skill level 6 in Fighting
  5497 | D:7      | 5497 ||| Stepping ~*~*~tactically~*~*~ (stealth).
  5929 | D:7      | Found a hide-covered altar of Uskayaw.
  6047 | D:7      | 6047 ||| UPGRADING to +6 ring of dexterity.
  6048 | D:7      | 6048 ||| READING 2 scrolls of identify.
  6048 | D:7      | 6048 ||| IDENTIFYING metallic pink potion
  6049 | D:7      | 6049 ||| DROPPING potion of brilliance.
  6186 | D:8      | 6186 ||| INVOKING Heroism.
  6234 | D:8      | 6234 ||| Stepping ~*~*~tactically~*~*~ (hiding).
  6238 | D:8      | 6238 ||| INVOKING Heroism.
  6288 | D:8      | 6288 ||| READING scroll of enchant armour.
  6288 | D:8      | 6288 ||| ENCHANTING +0 pair of gloves.
  6290 | D:8      | 6290 ||| Stepping ~*~*~tactically~*~*~ (hiding).
  6337 | D:8      | 6337 ||| Stepping ~*~*~tactically~*~*~ (stealth).
  6338 | D:8      | 6338 ||| Stepping ~*~*~tactically~*~*~ (stealth).
  6339 | D:8      | 6339 ||| Stepping ~*~*~tactically~*~*~ (stealth).
  6340 | D:8      | 6340 ||| Stepping ~*~*~tactically~*~*~ (stealth).
  6341 | D:8      | 6341 ||| Stepping ~*~*~tactically~*~*~ (stealth).
  6552 | D:8      | 6552 ||| Stepping ~*~*~tactically~*~*~ (stealth).
  6560 | D:8      | Reached skill level 9 in Axes
  6571 | D:8      | Found a burning altar of Makhleb.
  6602 | D:8      | 6602 ||| INVOKING Heroism.
  6661 | D:8      | 6661 ||| DROPPING +2 flail of protection.
  6694 | D:8      | 6694 ||| DROPPING scarf of harm.
  6695 | D:8      | 6695 ||| READING scroll labelled JUTUKU EZOM.
  6696 | D:8      | 6696 ||| READING scroll labelled ASUOVI CIRA ALOING.
  6697 | D:8      | 6697 ||| READING 3 scrolls of identify.
  6697 | D:8      | 6697 ||| IDENTIFYING glowing puce potion
  6698 | D:8      | 6698 ||| READING 2 scrolls of identify.
  6698 | D:8      | 6698 ||| IDENTIFYING fuming ruby potion
  6721 | D:9      | Found a blossoming altar of Fedhas.
  6725 | D:9      | Found an ancient bone altar of Kikubaaqudgha.
  6743 | D:9      | Noticed a two-headed ogre
  6744 | D:9      | 6744 ||| INVOKING Heroism.
  6757 | D:9      | Killed a two-headed ogre
  6757 | D:9      | Reached ** piety under Okawaru
  6758 | D:9      | Reached skill level 6 in Armour
  6861 | D:9      | Reached *** piety under Okawaru
  7042 | D:9      | 7042 ||| INVOKING Heroism.
  7044 | D:9      | Reached XP level 10. HP: 61/61 MP: 10/13
  7051 | D:9      | Received a gift from Okawaru
  7186 | D:9      | Found a radiant altar of Vehumet.
  7254 | D:9      | 7254 ||| READING 2 scrolls of enchant weapon.
  7254 | D:9      | 7254 ||| ENCHANTING +1 vampiric war axe.
  7255 | D:9      | 7255 ||| READING scroll of enchant weapon.
  7255 | D:9      | 7255 ||| ENCHANTING +2 vampiric war axe.
  7294 | D:9      | Reached skill level 3 in Throwing
  7451 | D:9      | 7451 ||| UPGRADING to ring of protection from cold.
  7500 | D:10     | Entered Level 10 of the Dungeon
  7502 | D:10     | Noticed a gargoyle
  7505 | D:10     | 7505 ||| INVOKING Heroism.
  7514 | D:10     | HP: 5/63 [gargoyle/+0 mace (11)]
  7515 | D:10     | 7515 ||| READING 6 scrolls of teleportation.
  7516 | D:10     | 7516 ||| DRINKING potion of heal wounds.
  7536 | D:10     | 7536 ||| INVOKING Heroism.
  7617 | D:10     | Noticed a six-headed hydra
  7618 | D:10     | 7618 ||| INVOKING Heroism.
  7625 | D:10     | 7625 ||| SWAPPING to +0 morningstar.
  7631 | D:10     | HP: 13/63 [six-headed hydra (8)]
  7632 | D:10     | 7632 ||| READING 5 scrolls of teleportation.
  7634 | D:10     | Slain by a wight

Levels and vault maps discovered:
D:1:      dpeg_arrival_ratfight, layout_rooms
D:2:      layout_basic, serial_shops, nicolae_shop_mannequins, roderic_lattice_a
D:3:      layout_rooms, mainiacjoe_overflow_24_doors, grunt_gozag_breadcrumbs
D:4:      layout_basic, temple_fountains, enter_ossuary_4
D:5:      layout_rooms, mainiacjoe_overflow_tiny_flanked,
          grunt_qazlal_sundering, bloody_trog
D:6:      layout_rooms, mainiacjoe_overflow_alcove_2, nicolae_benzene_ring,
          uniq_eustachio
D:7:      layout_loops_cross, nicolae_uskayaw_murder_on_the_dancefloor
D:8:      layout_loops_cross, mainiacjoe_overflow_chevrons,
          dreamdust_deal_with_the_devil
D:9:      layout_roguey, mainiacjoe_overflow_concentric_impassable,
          grunt_temple_overflow_growth_and_decay, serial_glass, glass_columns_b,
          glass_columns_a
D:10:     layout_roguey, mainiacjoe_overflow_catwalk,
          mainiacjoe_overflow_alcove_1, dpeg_oklobed_lair
Temple:   nicolae_temple_ecumenical_triangle

Skill      XL: |  1  2  3  4  5  6  7  8  9 10 |
---------------+-------------------------------+-----
Axes           | 2 3 4 5 6 7 8 9 |  9.8
Dodging        | 1 2 |  2.2
Fighting       | 4 5 6 7 |  7.0
Throwing       | 1 2 3 |  3.2
Invocations    | 4 |  4.1
Armour         | 4 6 |  6.7
Shields        | 4 |  4.1

Action                     |  1- 3 |  4- 6 |  7- 9 | 10-12 || total
---------------------------+-------+-------+-------+-------++-------
  Melee: War axe           |   113 |   162 |   238 |    58 ||   571
         Morningstar       |       |       |       |     8 ||     8
  Throw: Javelin           |       |       |    35 |     5 ||    40
 Invoke: Heroism           |       |       |     9 |     3 ||    12
    Use: Scroll            |     2 |     8 |     8 |     4 ||    22
         Potion            |     2 |     2 |     2 |     1 ||     7
 Armour: Scale mail        |    51 |    11 |       |       ||    62
         Ring mail         |       |    37 |       |       ||    37
         Chain mail        |       |    35 |   107 |    56 ||   198
  Dodge: Dodged            |    46 |    67 |   111 |    39 ||   263
  Block: Buckler           |    20 |    16 |    52 |    21 ||   109

Table legend:
 A = Non-vault XP
 B = Vault XP
 C = Vault XP percentage of total XP
 D = Non-vault monster count
 E = Vault monster count
 F = Vault count percentage of total count
                 A         B        C        D         E       F
            +---------+---------+-------+---------+---------+-------
      Total |    5612 |     389 |   6.5 |     147 |      21 |  12.5
            +---------+---------+-------+---------+---------+-------
        D:1 |      32 |       5 |  13.5 |      20 |       5 |  20.0
        D:2 |      35 |       0 |   0.0 |      18 |       0 |   0.0
        D:3 |      87 |       0 |   0.0 |      14 |       0 |   0.0
        D:4 |     199 |       2 |   1.0 |      17 |       2 |  10.5
        D:5 |     613 |       0 |   0.0 |      15 |       0 |   0.0
        D:6 |     677 |     196 |  22.5 |      14 |       1 |   6.7
        D:7 |     622 |       0 |   0.0 |      17 |       0 |   0.0
        D:8 |     908 |       0 |   0.0 |      16 |       0 |   0.0
        D:9 |    2018 |       0 |   0.0 |      11 |       0 |   0.0
       D:10 |     421 |       0 |   0.0 |       5 |       0 |   0.0
    Ossuary |       0 |     186 | 100.0 |       0 |      13 | 100.0
            +---------+---------+-------+---------+---------+-------
